 Dungeon Crawl Stone Soup version 0.23.2-1-ga50397a6bc (webtiles) character file.

Game seed: 12500013342261279843

104461 Nattfarinn the Wrestler (level 15, -8/163 HPs)
             Began as a Troll Berserker on June 2, 2019.
             Was an Elder of Trog.
             Mangled by a deep elf knight
             ... wielding a +0 scimitar
              (17 damage)
             ... on level 1 of the Elven Halls.
             The game lasted 01:06:16 (22162 turns).

Nattfarinn the Wrestler (Troll Berserker)          Turns: 22162, Time: 01:06:17

Health: -8/163     AC: 13    Str: 27      XL:     15   Next: 91%
Magic:  14/14      EV: 10    Int:  5 (6)  God:    Trog [****..]
Gold:   2034       SH:  0    Dex: 10      Spells: 14/14 levels left

rFire    + . .     SeeInvis .     - Unarmed
rCold    + + .     Gourm    +   (no shield)
rNeg     . . .     Faith    .   G - +2 robe of Resourcefulness {Int+5 Stlth+}
rPois    .         Spirit   .   Y - +2 hat
rElec    +         Reflect  .   i - +0 cloak of Hedging {rElec rC+++ Int-2 Dex-4}
rCorr    .         Harm     .   (gloves unavailable)
MR       ++++.     Clarity  +   (boots unavailable)
Stlth    ++........             A - amulet of the acrobat
HPRegen  1.77/turn              m - ring of protection from magic
MPRegen  0.14/turn              V - ring of fire

@: lethally poisoned (-8 -> -9), berserk cooldown, very slightly contaminated,
regenerating, slowed, very slow
A: large, unfitting armour, claws 3, molten scales 1, clarity, deterioration 1,
fast metabolism 3, gourmand, regeneration 1, shaggy fur 1, tough skin 3, weak 1
a: Berserk, Trog's Hand, Brothers in Arms, Renounce Religion


You were on level 1 of the Elven Halls.
You worshipped Trog.
Trog was greatly pleased with you.
You were very full.

You visited 4 branches of the dungeon, and saw 24 of its levels.
You also visited: Sewer and Gauntlet.

You collected 2034 gold pieces.

Inventory:

Hand Weapons
 F - a +2 triple crossbow of flaming
 T - the cursed +0 shortbow "Efim Gom" {freeze, Str+3}
   (You found it on level 2 of the Orcish Mines)

   It causes projectiles fired from it to freeze those they strike, causing
   extra injury to most foes and up to half again as much damage against
   particularly susceptible opponents.
   They can also slow down cold-blooded creatures.
   It affects your strength (+3).
   It has a curse placed upon it.
Missiles
 Z - 19 javelins of penetration (quivered)
Armour
 i - the +0 cloak of Hedging (worn) {rElec rC+++ Int-2 Dex-4}
   (You found it in a Gauntlet)

   It affects your intelligence (-2).
   It affects your dexterity (-4).
   It renders you almost immune to cold.
   It insulates you from electricity.
 G - the +2 robe of Resourcefulness (worn) {Int+5 Stlth+}
   (You found it on level 1 of the Lair of Beasts)

   It affects your intelligence (+5).
   It makes you more stealthy.
 Y - a +2 hat (worn)
Jewellery
 m - a ring of protection from magic (left claw)
 A - an amulet of the acrobat (around neck)
 V - a ring of fire (right claw)
Wands
 t - a wand of flame (67)
 u - a wand of random effects (26)
 y - a wand of iceblast (22)
 B - a wand of disintegration (25)
 E - a wand of polymorph (14)
 H - a wand of clouds (9)
 M - a wand of paralysis (39)
 N - a wand of enslavement (29)
 W - a wand of digging (5)
Scrolls
 a - 2 scrolls of immolation {unknown}
 c - 13 scrolls of remove curse
 d - 3 scrolls of magic mapping
 e - 5 scrolls of enchant weapon
 q - a scroll of enchant armour {unknown}
 r - 15 scrolls of teleportation
 x - 4 scrolls of fog
 C - 7 scrolls of fear
 I - 5 scrolls of brand weapon
 J - 4 scrolls of identify
 L - a scroll of holy word {unknown}
 O - a scroll of summoning {unknown}
 P - a scroll of vulnerability {unknown}
 S - a scroll of silence
Potions
 f - 4 potions of magic
 h - a potion of ambrosia {unknown}
 j - 6 potions of flight
 k - 4 potions of heal wounds
 l - 2 potions of mutation
 n - a potion of resistance
 o - 15 potions of curing
 p - 2 potions of invisibility
 s - 5 potions of lignification
 v - 3 potions of cancellation {unknown}
 w - 2 potions of haste
 z - 4 potions of brilliance
 D - a potion of agility {unknown}
 K - 4 potions of might {unknown}
 Q - 2 potions of degeneration {unknown}
 R - 3 potions of berserk rage {unknown}
Comestibles
 b - 38 rations
 U - 10 chunks of flesh


   Skills:
 + Level 14.0 Fighting
 - Level 2.4 Dodging
 * Level 21.5 Unarmed Combat


You had 14 spell levels left.
You didn't know any spells.
Your spell library was empty.

Dungeon Overview and Level Annotations

Branches:
Dungeon (15/15)            Temple (0/1) D:4            Lair (6/6) D:11
 Shoals (0/4) Lair:2        Snake (0/4) Lair:4        Slime (0/5) Lair:5
    Orc (2/2) D:11            Elf (1/3) Orc:2        Vaults (0/5) D:14
 Depths (0/5) D:15

Altars:
Cheibriados
Dithmenos
Fedhas
Uskayaw
Zin
Beogh
Jiyva

Shops:
D:6 !}[   Orc:2 %}}?

Annotations:
D:3 3 runed translucent doors, Cykl0x's ghost, amateur FoFi
D:6 4 runed translucent doors, flt's ghost, novice OpVM


Innate Abilities, Weirdness & Mutations

You are too large for most types of armour.
You have claws for hands.
Your metabolism is lightning-fast.
You like to eat raw meat.
Your natural rate of healing is unusually fast.
You are covered in fur. (AC +1)
You have extremely tough skin. (AC +3)
You are partially covered in molten scales. (AC +2)
You possess an exceptional clarity of mind.
Your body sometimes deteriorates upon taking damage.
You are weak. (Str -2)


Message History

Your body deteriorates!
You feel dopey.
The deep elf mage gestures wildly while chanting.
The deep elf mage blinks!
Something hits you.
* * * LOW HITPOINT WARNING * * *
The deep elf knight barely misses you.
Blink to where?
Press: ? - help, Dir - move target cursor You are very lightly contaminated with residual magic.
As you read the scroll of blinking, it crumbles to dust.
You feel the effects of Trog's Hand fading.
The deep elf knight hits you with a +0 scimitar!
* * * LOW HITPOINT WARNING * * *
You feel much better.
The deep elf knight hits you with a +0 scimitar!
* * * LOW HITPOINT WARNING * * *
The +2 short sword of venom hits you!
* * * LOW HITPOINT WARNING * * *
You are poisoned.
The deep elf knight hits you with a +0 scimitar!
You die...

##### #...##
#)...#####
##..#.+...#
#(e{..#.#.# ###
#@##'##...####
###.###
##.##.){#.#...#
##.....###
#..##.#e.#..#)#
.........#
#.###...#.#...#
.........######.#
####e..####
.........'......#
#(#)#
.))......########
#.)))...#
.(.).....#
##'##....#
'#)....'## ..#
'##e..


You could see a deep elf knight and a +2 short sword of venom.

Vanquished Creatures
  Jorgrun (Orc:1)
  An ironheart preserver (D:14)
  An entropy weaver (Lair:5)
  A minotaur (Gauntlet)
  6 dire elephants (Lair:6)
  Josephine (D:11)
  An ice dragon (D:12)
  A hydra (Lair:5)
  8 centaur warriors
  A rakshasa (D:15)
  An anaconda (Lair:6)
  3 dancing weapons (Elf:1)
  A tengu warrior (D:14)
  6 two-headed ogres
  Nergalle (D:11)
  5 orc high priests (Orc:2)
  2 deep elf knights (Elf:1)
  2 unseen horrors (D:15)
  A wizard (D:15)
  A deep elf archer (Elf:1)
  An orange crystal statue (Gauntlet)
  5 orc knights
  3 ugly things
  12 deep elf magi
  4 orc sorcerers (Orc:2)
  A wolf spider zombie (D:15)
  4 cyclopes
  2 centaur zombies
  15 elephants
  7 black mambas
  A naga mage (D:15)
  11 spiny frogs
  Joseph (D:7)
  A guardian serpent (shapeshifter) (D:15)
  2 gargoyles (D:15)
  5 rime drakes
  A freezing wraith (D:15)
  3 komodo dragons
  A meliai (shapeshifter) (D:15)
  2 hornets
  12 trolls
  3 polar bears
  A tyrant leech (Gauntlet)
  3 meliai (D:15)
  A wolf spider simulacrum (D:15)
  19 blink frogs
  A meliai zombie (D:14)
  14 hippogriffs
  A spriggan (Lair:2)
  2 vampires (D:15)
  A wyvern (Lair:1)
  5 wraiths
  A shadow (D:15)
  A human (D:8)
  4 basilisks
  49 yaks
  7 vampire mosquitoes
  Grum (D:9)
  A hog (D:8)
  2 hungry ghosts
  5 wargs
  An acid dragon (D:12)
  Duvessa (D:5)
  3 swamp worms (Gauntlet)
  12 water moccasins
  9 porcupines
  A soldier ant (D:12)
  31 orc warriors
  2 black bears
  A sky beast (D:8)
  An eye of draining (D:12)
  2 phantoms
  A hornet zombie (D:14)
  5 ice beasts
  12 ogres
  22 centaurs
  4 wolves (D:9)
  4 boggarts (D:14)
  13 crocodiles
  3 big kobolds
  12 bullfrogs
  2 gnoll sergeants
  Dowan (D:5)
  3 wyvern zombies
  A wyvern skeleton (D:11)
  A scorpion (D:9)
  A water moccasin skeleton (D:5)
  10 killer bees
  6 electric eels
  9 wights
  4 howler monkeys
  4 crimson imps
  2 bullfrog zombies
  3 hounds
  2 quasits
  3 jellies
  29 orc priests
  A bullfrog skeleton (D:13)
  4 centaur skeletons
  A gnoll shaman (D:6)
  18 orc wizards
  Ijyb (D:3)
  Terence (D:3)
  3 iguanas
  A merfolk avatar (Sewer)
  2 merfolk sirens
  7 worker ants
  A hound skeleton (D:5)
  11 gnolls
  18 adders
  2 river rats (Sewer)
  6 shadow imps
  An ooze (D:7)
  3 worms
  2 dart slugs
  7 leopard geckos
  96 orcs
  7 ball pythons
  4 bats
  5 giant cockroaches
  5 goblins
  6 hobgoblins
  26 jackals
  12 kobolds
  5 quokkas
  11 frilled lizards
  A jackal skeleton (D:7)
  28 rats
  2 plants (Lair:6)
780 creatures vanquished.

Vanquished Creatures (collateral kills)
  An orc warlord (Orc:2)
  3 hydras
  Erica (D:11)
  A wizard (D:15)
  2 orc knights (Orc:2)
  A necromancer (D:15)
  A manticore (D:12)
  2 orc sorcerers (Orc:1)
  A wolf spider zombie (D:12)
  An elephant (Lair:4)
  A centaur zombie (D:15)
  Maurice (D:9)
  A merfolk siren (Lair:2)
  A naga mage (D:15)
  A centaur skeleton (D:15)
  A komodo dragon (Lair:2)
  A troll (Orc:2)
  2 merfolk (Lair:2)
  A hippogriff (Lair:4)
  A wraith (D:11)
  A yak (Lair:5)
  A steam dragon (D:12)
  4 orc warriors
  2 ogres (Orc:2)
  A centaur (D:9)
  A bullfrog (D:12)
  3 howler monkeys (D:11)
  A crimson imp (D:15)
  An iguana (D:9)
  4 orc wizards
  4 orcs
48 creatures vanquished.

Vanquished Creatures (others)
  An orc (Orc:2)
  A bush (Lair:6)
  16 fungi
  11 plants
29 creatures vanquished.

Grand Total: 857 creatures vanquished

Notes
Turn   | Place    | Note
-------+----------+-------------------------------------------
     0 | D:1      | Nattfarinn the Troll Berserker began the quest for the Orb.
     0 | D:1      | Reached XP level 1. HP: 22/22 MP: 0/0
   187 | D:1      | Reached XP level 2. HP: 25/29 MP: 1/1
   792 | D:2      | Reached XP level 3. HP: 29/36 MP: 2/2
   793 | D:2      | Reached skill level 4 in Unarmed Combat
   833 | D:2      | Found a shadowy altar of Dithmenos.
   910 | D:2      | Reached XP level 4. HP: 37/45 MP: 3/3
  1092 | D:2      | Reached ** piety under Trog
  1195 | D:2      | Reached skill level 5 in Unarmed Combat
  1196 | D:2      | Reached XP level 5. HP: 53/53 MP: 4/4
  1544 | D:3      | Noticed Terence
  1554 | D:3      | Killed Terence
  1677 | D:3      | Noticed Ijyb
  1686 | D:3      | Killed Ijyb
  1880 | D:3      | Found a runed translucent gate.
  1888 | D:3      | Found a runed translucent gate.
  1888 | D:3      | Found a runed translucent gate.
  1888 | D:3      | Noticed Cykl0x's ghost (amateur FoFi)
  2330 | D:4      | Noticed an ogre
  2332 | D:4      | Killed an ogre
  2332 | D:4      | Reached skill level 6 in Unarmed Combat
  2332 | D:4      | Reached XP level 6. HP: 62/62 MP: 5/5
  2483 | D:4      | Found a snail-covered altar of Cheibriados.
  2605 | D:4      | Found a staircase to the Ecumenical Temple.
  2892 | D:5      | Entered Level 5 of the Dungeon
  2914 | D:5      | Noticed Duvessa
  2918 | D:5      | Noticed Dowan
  2923 | D:5      | Killed Duvessa
  2923 | D:5      | Reached *** piety under Trog
  2923 | D:5      | Reached XP level 7. HP: 48/70 MP: 6/6
  2940 | D:5      | Killed Dowan
  2950 | D:5      | Reached skill level 7 in Unarmed Combat
  3515 | D:5      | Found a glowing drain.
  3520 | Sewer    | Entered a sewer
  3780 | Sewer    | Reached **** piety under Trog
  4133 | D:6      | Found Zaewa's Distillery.
  4198 | D:6      | Reached skill level 8 in Unarmed Combat
  4214 | D:6      | Found a glowing silver altar of Zin.
  4214 | D:6      | Noticed an angel
  4219 | D:6      | Found a runed translucent door.
  4231 | D:6      | Reached skill level 5 in Fighting
  4231 | D:6      | Reached XP level 8. HP: 70/80 MP: 7/7
  4261 | D:6      | Found a runed translucent gate.
  4344 | D:6      | Found a runed translucent gate.
  4344 | D:6      | Found a runed translucent gate.
  4344 | D:6      | Noticed flt's ghost (novice OpVM)
  4365 | D:6      | Found a shadowy altar of Dithmenos.
  4386 | D:6      | Reached skill level 9 in Unarmed Combat
  4442 | D:6      | Found Qelor's Antique Armour Boutique.
  4573 | D:6      | Found Veown's Gadget Shoppe.
  4992 | D:7      | Noticed Joseph
  5003 | D:7      | Killed Joseph
  5003 | D:7      | Reached skill level 10 in Unarmed Combat
  5003 | D:7      | Reached XP level 9. HP: 76/89 MP: 8/8
  5057 | D:7      | Reached ***** piety under Trog
  5323 | D:7      | Found a snail-covered altar of Cheibriados.
  5917 | D:8      | Reached skill level 11 in Unarmed Combat
  6087 | D:8      | Received a gift from Trog
  6314 | D:9      | Noticed Maurice
  6319 | D:9      | Killed Maurice
  6319 | D:9      | Reached skill level 12 in Unarmed Combat
  6319 | D:9      | Reached XP level 10. HP: 102/102 MP: 9/9
  6437 | D:9      | Noticed Grum
  6441 | D:9      | Killed Grum
  6818 | D:9      | Found a blossoming altar of Fedhas.
  6821 | D:9      | Found a hide-covered altar of Uskayaw.
  6830 | D:10     | Entered Level 10 of the Dungeon
  7058 | D:10     | Reached skill level 13 in Unarmed Combat
  7664 | D:11     | Noticed Nergalle
  7673 | D:11     | Killed Nergalle
  7673 | D:11     | Reached XP level 11. HP: 112/113 MP: 10/10
  7701 | D:11     | Noticed a red ugly thing
  7707 | D:11     | Noticed Josephine
  7712 | D:11     | Killed a red ugly thing
  7719 | D:11     | Killed Josephine
  7719 | D:11     | Received a gift from Trog
  7719 | D:11     | Reached skill level 14 in Unarmed Combat
  7805 | D:11     | Noticed Erica
  7815 | D:11     | Killed Erica
  7869 | D:11     | Paralysed by a hornet for 1 turns
  8096 | D:11     | Found a staircase to the Lair.
  8236 | D:11     | Noticed a green ugly thing
  8248 | D:11     | Killed a green ugly thing
  8321 | D:11     | Found a staircase to the Orcish Mines.
  8854 | D:12     | Noticed a two-headed ogre
  8869 | D:12     | Killed a two-headed ogre
  8869 | D:12     | Reached skill level 15 in Unarmed Combat
  9245 | D:12     | Received a gift from Trog
  9355 | D:12     | Reached skill level 10 in Fighting
  9355 | D:12     | Reached XP level 12. HP: 43/126 MP: 11/11
  9539 | D:12     | Noticed an ice dragon
  9573 | D:12     | Killed an ice dragon
  9766 | D:13     | Noticed a centaur warrior
  9779 | D:13     | Killed a centaur warrior
  9779 | D:13     | Reached skill level 16 in Unarmed Combat
 10465 | D:14     | Noticed a centaur warrior
 10466 | D:14     | Noticed a centaur warrior
 10467 | D:14     | Noticed a two-headed ogre
 10470 | D:14     | Killed a centaur warrior
 10475 | D:14     | Killed a centaur warrior
 10477 | D:14     | Killed a two-headed ogre
 10627 | D:14     | Noticed a tengu warrior
 10640 | D:14     | Killed a tengu warrior
 10752 | D:14     | Reached skill level 17 in Unarmed Combat
 10779 | D:14     | Noticed a centaur warrior
 10794 | D:14     | Killed a centaur warrior
 11051 | D:14     | Reached XP level 13. HP: 137/137 MP: 12/12
 11202 | D:14     | Found a gate to the Vaults.
 11202 | D:14     | Noticed an ironheart preserver
 11206 | D:14     | Received a gift from Trog
 11217 | D:14     | Killed an ironheart preserver
 11494 | D:15     | Entered Level 15 of the Dungeon
 11716 | D:15     | Received a gift from Trog
 11724 | D:15     | Reached skill level 18 in Unarmed Combat
 11765 | D:15     | Found a staircase to the Depths.
 11794 | D:15     | Gained mutation: Your body sometimes deteriorates upon
                  | taking damage. [a neqoxec]
 11802 | D:15     | Gained mutation: You are weak. (Str -2) [a neqoxec]
 12542 | Orc:1    | Entered Level 1 of the Orcish Mines
 12620 | Orc:1    | Noticed Jorgrun
 12632 | Orc:1    | Killed Jorgrun
 12632 | Orc:1    | Reached XP level 14. HP: 92/149 MP: 13/13
 12993 | Orc:2    | Entered Level 2 of the Orcish Mines
 13038 | Orc:2    | Received a gift from Trog
 13255 | Orc:2    | Reached skill level 19 in Unarmed Combat
 13393 | Orc:2    | Found a roughly hewn altar of Beogh.
 13612 | Orc:2    | Found Lysywirr's Food Emporium.
 13636 | Orc:2    | Found Tayseumm's Gadget Shoppe.
 13871 | Orc:2    | Found a staircase to the Elven Halls.
 13917 | Orc:2    | Received a gift from Trog
 13933 | Orc:2    | Got a crystal shortbow
 13934 | Orc:2    | Identified the cursed +0 shortbow "Efim Gom" {freeze,
                  | Str+3} (You found it on level 2 of the Orcish Mines)
 14078 | Orc:2    | Found Ivathrul's Gadget Shop.
 14094 | Orc:2    | Gained mutation: Your body often deteriorates upon taking
                  | damage. [a neqoxec]
 14161 | Orc:2    | Noticed an orc warlord
 14170 | Orc:2    | Killed an orc warlord
 14323 | Orc:2    | Found a roughly hewn altar of Beogh.
 14457 | Orc:2    | Found Govuare's Magic Scroll Boutique.
 14836 | Lair:1   | Entered Level 1 of the Lair of Beasts
 14977 | Lair:1   | Got a silken robe
 14988 | Lair:1   | Identified the +2 robe of Resourcefulness {Int+5 Stlth+}
                  | (You found it on level 1 of the Lair of Beasts)
 15828 | Lair:2   | Reached skill level 20 in Unarmed Combat
 15855 | Lair:2   | Lost mutation: Your body often deteriorates upon taking
                  | damage. [potion of mutation]
 15855 | Lair:2   | Gained mutation: You are partially covered in molten
                  | scales. (AC +2) [potion of mutation]
 15855 | Lair:2   | Gained mutation: You possess an exceptional clarity of
                  | mind. [potion of mutation]
 16120 | Lair:2   | Found a staircase to the Shoals.
 17480 | Lair:4   | Found a gate leading to a gauntlet.
 17491 | Gauntlet | Entered a Gauntlet
 17491 | Gauntlet | Found a transporter.
 17491 | Gauntlet | Found a transporter.
 17492 | Gauntlet | Found a transporter.
 17495 | Gauntlet | Found a transporter.
 17495 | Gauntlet | Found a transporter.
 17506 | Gauntlet | Found a transporter.
 17523 | Gauntlet | Found a transporter.
 17527 | Gauntlet | Found a transporter.
 17592 | Gauntlet | Got an ancient cloak
 17603 | Gauntlet | Identified the +0 cloak of Hedging {rElec rC+++ Int-2
                  | Dex-4} (You found it in a Gauntlet)
 17603 | Gauntlet | Lost intelligence.
 17838 | Gauntlet | Reached XP level 15. HP: 159/159 MP: 14/14
 17869 | Gauntlet | Identified the Almanac of Virous Flight
 17925 | Gauntlet | Got a slimy scale mail
 18284 | Lair:4   | Found a staircase to the Snake Pit.
 18517 | Lair:5   | Found a viscous altar of Jiyva.
 18517 | Lair:5   | Found a staircase to the Slime Pits.
 19276 | Lair:6   | Entered Level 6 of the Lair of Beasts
 19908 | Lair:6   | Reached skill level 21 in Unarmed Combat
 19923 | Lair:5   | HP: 2/162 [blink frog (20)]
 21841 | Elf:1    | Entered Level 1 of the Elven Halls
 22156 | Elf:1    | HP: 8/163 [poisoned by a +2 short sword of venom]
 22161 | Elf:1    | HP: 8/163 [deep elf knight/+0 scimitar (12)]
 22162 | Elf:1    | Mangled by a deep elf knight

Skill      XL: |  1  2  3  4  5  6  7  8  9 10 11 12 13 14 15 |
---------------+----------------------------------------------+-----
Unarmed Combat | 4 5 6 8 10 12 13 15 17 18 20 21 | 21.5
Fighting       | 3 4 5 6 7 8 10 11 12 13 14 | 14.0
Dodging        | |  2.4

Action                   |  1- 3 |  4- 6 |  7- 9 | 10-12 | 13-15 || total
-------------------------+-------+-------+-------+-------+-------++-------
Melee: Unarmed           |    81 |   117 |   319 |   502 |  1028 ||  2047
       Punch             |       |     1 |    11 |    43 |    84 ||   139
Throw: Javelin           |       |       |       |       |     3 ||     3
Invok: Trog's Hand       |       |       |     3 |     5 |    21 ||    29
       Berserk           |       |       |     3 |     9 |    22 ||    34
       Brothers in Arms  |       |       |     1 |     3 |    20 ||    24
Evoke: Wand              |       |       |       |       |     5 ||     5
  Use: Scroll            |       |       |       |    18 |     9 ||    27
       Potion            |       |       |       |       |     6 ||     6
 Stab: Sleeping          |       |     2 |     1 |     9 |     4 ||    16
       Distracted        |       |       |       |     1 |     2 ||     3
  Eat: Chunk             |     9 |    23 |    35 |    60 |   137 ||   264
Armor: Animal skin       |    26 |    30 |    79 |    51 |       ||   186
       Troll leather arm |       |       |       |    18 |       ||    18
       Ice dragon scales |       |       |       |    87 |   272 ||   359
       Robe              |       |       |       |       |   153 ||   153
Dodge: Dodged            |    43 |    38 |   122 |   207 |   494 ||   904
